Avalanche vs Nordiques
Created - 5 novembre 2016 at 20:17
Goals
|
| Avalanche |
0 |
0 |
2 |
2 |
| Nordiques |
1 |
3 |
2 |
6 |
|
Shots
|
| Avalanche |
5 |
21 |
16 |
42 |
| Nordiques |
10 |
16 |
14 |
40 |
|
1st period
1. Nordiques , R.J. Umberger 3 (Dustin Byfuglien, Chris Drury) at 0:32 (PP)
Penalties :
Bryan Little (Col) for Hooking (Minor) at 0:22, Bryan Little (Col) for Cross-checking (Minor) at 2:44
2nd period
2. Nordiques , Chris Drury 4 (Fedor Tyutin, Nikita Kucherov) at 4:36
3. Nordiques , R.J. Umberger 4 (Chris Drury) at 6:15
4. Nordiques , Vaclav Prospal 3 (Jean-Pierre Dumont) at 16:09
Penalties :
No Penalty
3rd period
5. Avalanche , Shane O'Brien 1 (Mike Comrie, Semyon Varlamov) at 3:35
6. Nordiques , Rich Peverley 2 (Nikolai Kulemin) at 9:09
7. Avalanche , David Krejci 2 (Chuck Kobasew, Jack Johnson) at 11:17
8. Nordiques , Pascal Dupuis 3 (Rich Peverley) at 14:54
Penalties :
Jarret Stoll (Que) for Fighting (Major) at 9:40, Shane O'Brien (Col) for Fighting (Major) at 9:40
Goalie Stats
Semyon Varlamov (Col), 34 saves from 40 shots - (0,850), L, 2-2-1, 60:00 minutes
Martin Brodeur (Que), 40 saves from 42 shots - (0,952), W, 1-2-0, 60:00 minutes
Players Stats for Avalanche
Player Name G A P +/- PIM S H SB GA TA FO MP PP MP PK MP
------------------------------------------------------------------------------------
Alexander Radulov 0 0 0 -2 0 2 0 1 1 0 0/0 18:07 0:00 0:18
Andrei Kostitsyn 0 0 0 -2 0 4 1 0 1 0 0/1 18:07 0:00 0:18
Andrew Ladd 0 0 0 -1 0 1 1 1 1 0 0/1 12:34 0:00 0:43
Brandon Yip 0 0 0 -1 0 0 0 0 0 0 0/0 12:34 0:00 0:43
Bryan Little 0 0 0 0 4 4 4 0 1 1 9/18 17:31 0:00 0:00
Chuck Kobasew 0 1 1 0 0 2 1 0 0 0 0/0 11:54 0:00 1:08
Corey Perry 0 0 0 0 0 4 0 0 0 1 0/1 17:25 0:00 0:00
David Krejci 1 0 1 0 0 1 0 0 0 0 2/5 10:46 0:00 0:00
Jack Johnson 0 1 1 -1 0 2 0 1 0 0 0/0 21:04 0:00 0:47
Jay Bouwmeester 0 0 0 -1 0 0 0 2 1 0 0/0 20:06 0:00 0:00
Johnny Boychuk 0 0 0 -1 0 0 1 0 0 1 0/0 20:56 0:00 1:22
Marc Staal 0 0 0 -1 0 5 3 1 0 0 0/0 21:32 0:00 1:06
Mike Comrie 0 1 1 -1 0 3 3 0 1 0 3/6 12:59 0:00 1:08
Mikkel Boedker 0 0 0 0 0 5 1 0 1 1 0/1 17:25 0:00 0:00
Paul Stastny 0 0 0 -2 0 5 0 0 0 0 12/27 17:41 0:00 0:00
Richard Jackman 0 0 0 -1 0 1 0 2 0 1 0/0 17:35 0:00 0:16
Ryan Smyth 0 0 0 0 0 1 1 0 0 0 0/0 10:46 0:00 0:00
Shane O'Brien 1 0 1 -1 5 2 0 1 0 1 0/0 18:46 0:00 0:47
Players Stats for Nordiques
Player Name G A P +/- PIM S H SB GA TA FO MP PP MP PK MP
------------------------------------------------------------------------------------
Chris Drury 1 2 3 1 0 5 0 0 0 0 19/31 19:02 1:11 0:00
Dmitry Kulikov 0 0 0 2 0 1 1 0 0 2 0/0 19:52 0:47 0:00
Dustin Byfuglien 0 1 1 0 0 4 2 2 0 1 0/0 27:48 1:22 0:00
Fedor Tyutin 0 1 1 0 0 2 0 0 1 1 0/0 27:48 1:22 0:00
Jarret Stoll 0 0 0 0 5 0 1 0 0 0 3/6 10:57 0:00 0:00
Jean-Pierre Dumont 0 1 1 1 0 3 1 0 0 1 0/1 19:09 0:48 0:00
Kyle Calder 0 0 0 1 0 1 1 0 0 1 0/0 18:55 0:34 0:00
Mark Eaton 0 0 0 1 0 0 0 0 0 0 0/0 12:20 0:00 0:00
Matt Moulson 0 0 0 -1 0 4 2 0 2 0 0/0 13:11 0:27 0:00
Michael Ryder 0 0 0 -1 0 0 2 0 0 0 0/0 12:54 0:10 0:00
Nikita Kucherov 0 1 1 0 0 0 0 0 1 0 2/3 18:46 1:08 0:00
Nikolai Kulemin 0 1 1 2 0 2 2 0 0 0 0/0 10:08 0:10 0:00
Pascal Dupuis 1 0 1 2 0 2 1 0 0 0 0/0 9:51 0:00 0:00
R.J. Umberger 2 0 2 1 0 5 0 1 1 0 0/0 18:06 1:11 0:00
Rich Peverley 1 1 2 2 0 5 2 0 0 0 4/6 9:51 0:00 0:00
Ryan Ellis 0 0 0 2 0 4 0 4 1 0 0/0 19:52 0:47 0:00
T.J. Fast 0 0 0 1 0 0 0 0 0 0 0/0 12:20 0:00 0:00
Vaclav Prospal 1 0 1 1 0 2 2 0 0 1 6/13 19:09 0:48 0:00
3 Stars
1 - R.J. Umberger (Que)
2 - Chris Drury (Que)
3 - Rich Peverley (Que)
Power Play
Avalanche - 0 on 0 Attempt(s) - 0,00%
Nordiques - 1 on 2 Attempt(s) - 50,00%
Penalty Kill
Avalanche - 1 on 2 Attempt(s) - 50,00%
- Score 0 goal in Penalty Kill
Nordiques - 0 on 0 Attempt(s) - 0,00%
- Score 0 goal in Penalty Kill
Team Stat
Avalanche - Hits : 16 - Faceoff Wins : 26 - Blocked Shots : 9 - Penalty Minutes : 9
Nordiques - Hits : 17 - Faceoff Wins : 34 - Blocked Shots : 7 - Penalty Minutes : 5
Official
Referees : Devorski Paul and Kimmerly Greg
Linesman : Jonny Murray and Shane Heyer
Game Notes
Jarret Stoll and Shane O'Brien fight to a draw at 9:40 of 3rd period
Finance
Level 1 -- Attendance: 4517 (75,28%) -- Ticket Income 451 700 $
Level 2 -- Attendance: 3687 (73,74%) -- Ticket Income 221 220 $
Level 3 -- Attendance: 1262 (63,10%) -- Ticket Income 51 742 $
Level 4 -- Attendance: 2429 (60,73%) -- Ticket Income 72 870 $
Luxury Box -- Attendance: 964 (96,40%) -- Ticket Income 154 240 $
Game was played at the Centre Videotron.
Total Attendance: 12859 (71,44%)
Total Ticket Income: 951 772 $
Other Income: 142 766 $
Total Income: 1 094 538 $
Avalanche
5 vs 5 Forward
Center Left Wing Right Wing Time % Phy DF OF
1 Bryan Little Mikkel Boedker Corey Perry 35 1 2 2
2 Paul Stastny Andrei Kostitsyn Alexander Radulov 35 1 2 2
3 Mike Comrie Andrew Ladd Brandon Yip 15 1 2 2
4 David Krejci Ryan Smyth Chuck Kobasew 15 1 2 2
5 vs 5 Defense
Defense Defense Time % Phy DF OF
1 Jack Johnson Jay Bouwmeester 35 1 2 2
2 Shane O'Brien Marc Staal 35 1 2 2
3 Johnny Boychuk Richard Jackman 30 1 2 2
4 Jack Johnson Marc Staal 0 1 2 2
PowerPlay Forward
Center Left Wing Right Wing Time % Phy DF OF
1 Bryan Little Mikkel Boedker Corey Perry 60 1 2 2
2 Paul Stastny Andrei Kostitsyn Alexander Radulov 40 1 2 2
PowerPlay Defense
Defense Defense Time % Phy DF OF
1 Jack Johnson Jay Bouwmeester 60 1 2 2
2 Johnny Boychuk Jay Bouwmeester 40 1 2 2
Penalty Kill 4 Players Forward
Center Wing Time % Phy DF OF
1 Mike Comrie Chuck Kobasew 60 1 2 2
2 Brandon Yip Andrew Ladd 40 1 2 2
Penalty Kill 4 Players Defense
Defense Defense Time % Phy DF OF
1 Johnny Boychuk Marc Staal 60 1 2 2
2 Shane O'Brien Jack Johnson 40 1 2 2
Penalty Kill - 3 Players Forward
Forward Time % Phy DF OF
1 Corey Perry 60 1 2 2
2 Andrei Kostitsyn 40 1 2 2
Penalty Kill - 3 Players Defense
Defense Defense Time % Phy DF OF
1 Jack Johnson Marc Staal 60 1 2 2
2 Shane O'Brien Johnny Boychuk 40 1 2 2
4 vs 4 Forward
Center Wing Time % Phy DF OF
1 Corey Perry Andrei Kostitsyn 60 1 2 2
2 Bryan Little Mikkel Boedker 40 1 2 2
4 vs 4 Defense
Defense Defense Time % Phy DF OF
1 Jack Johnson Marc Staal 60 1 2 2
2 Shane O'Brien Jay Bouwmeester 40 1 2 2
Last Minutes Offensive
Center Left Wing Right Wing Defense Defense
Bryan Little Andrei Kostitsyn Corey Perry Jay Bouwmeester Jack Johnson
Last Minutes Defensive
Center Left Wing Right Wing Defense Defense
Mike Comrie Andrew Ladd Chuck Kobasew Jack Johnson Marc Staal
Goaltenders
Starting : Semyon Varlamov
Backup : Dan Ellis
Extra Forwards
Normal : Andrew Ladd, Paul Stastny, Alexander Radulov - PP : Andrew Ladd, Paul Stastny - PK : Alexander Radulov
Extra Defensemen
Normal : Johnny Boychuk, Richard Jackman, Shane O'Brien - PP : Johnny Boychuk - PK : Richard Jackman, Shane O'Brien
Penalty Shots
Corey Perry, Andrei Kostitsyn, Bryan Little, Mikkel Boedker, Mike Comrie
Nordiques
5 vs 5 Forward
Center Left Wing Right Wing Time % Phy DF OF
1 Chris Drury R.J. Umberger Nikita Kucherov 40 1 0 4
2 Vaclav Prospal Kyle Calder Jean-Pierre Dumont 30 0 1 4
3 Jarret Stoll Matt Moulson Michael Ryder 20 2 1 2
4 Rich Peverley Nikolai Kulemin Pascal Dupuis 10 2 1 2
5 vs 5 Defense
Defense Defense Time % Phy DF OF
1 Fedor Tyutin Dustin Byfuglien 40 1 1 3
2 Ryan Ellis Dmitry Kulikov 30 1 1 3
3 T.J. Fast Mark Eaton 20 1 3 1
4 Fedor Tyutin Dustin Byfuglien 10 1 1 3
PowerPlay Forward
Center Left Wing Right Wing Time % Phy DF OF
1 Chris Drury R.J. Umberger Nikita Kucherov 60 0 0 5
2 Vaclav Prospal Kyle Calder Jean-Pierre Dumont 40 0 0 5
PowerPlay Defense
Defense Defense Time % Phy DF OF
1 Fedor Tyutin Dustin Byfuglien 60 1 0 4
2 Ryan Ellis Dmitry Kulikov 40 1 0 4
Penalty Kill 4 Players Forward
Center Wing Time % Phy DF OF
1 Pascal Dupuis Chris Drury 60 1 3 1
2 Jarret Stoll Rich Peverley 40 1 3 1
Penalty Kill 4 Players Defense
Defense Defense Time % Phy DF OF
1 T.J. Fast Mark Eaton 60 2 3 0
2 Ryan Ellis Dmitry Kulikov 40 2 3 0
Penalty Kill - 3 Players Forward
Forward Time % Phy DF OF
1 Pascal Dupuis 60 1 4 0
2 Jarret Stoll 40 2 3 0
Penalty Kill - 3 Players Defense
Defense Defense Time % Phy DF OF
1 T.J. Fast Mark Eaton 60 1 4 0
2 Dustin Byfuglien Dmitry Kulikov 40 1 4 0
4 vs 4 Forward
Center Wing Time % Phy DF OF
1 Chris Drury Jean-Pierre Dumont 60 1 1 3
2 Vaclav Prospal Nikita Kucherov 40 1 1 3
4 vs 4 Defense
Defense Defense Time % Phy DF OF
1 Ryan Ellis Dmitry Kulikov 60 1 3 1
2 Fedor Tyutin Dustin Byfuglien 40 1 3 1
Last Minutes Offensive
Center Left Wing Right Wing Defense Defense
Chris Drury R.J. Umberger Nikita Kucherov Ryan Ellis Dmitry Kulikov
Last Minutes Defensive
Center Left Wing Right Wing Defense Defense
Pascal Dupuis Rich Peverley Vaclav Prospal T.J. Fast Mark Eaton
Goaltenders
Starting : Martin Brodeur
Backup : Julien Ellis
Extra Forwards
Normal : Chris Drury, Nikita Kucherov, R.J. Umberger - PP : Matt Moulson, Nikolai Kulemin - PK : Rich Peverley
Extra Defensemen
Normal : Fedor Tyutin, Ryan Ellis, Dustin Byfuglien - PP : Fedor Tyutin - PK : Dmitry Kulikov, T.J. Fast
Penalty Shots
R.J. Umberger, Chris Drury, Vaclav Prospal, Jean-Pierre Dumont, Kyle Calder
% Time on Ice - Avalanche
Lines # - Real PCT - Wanted PCT - Time Play
Normal Forward
1 - 30% - 35% - 17:33
2 - 31% - 35% - 17:41
3 - 20% - 15% - 11:51
4 - 19% - 15% - 10:46
Normal Defense
1 - 35% - 35% - 20:31
2 - 35% - 35% - 20:26
3 - 29% - 30% - 16:54
4 - 0% - 0% - 0:00
PP Forward
1 - 0% - 60%
2 - 0% - 40%
PP Defense
1 - 0% - 60%
2 - 0% - 40%
PK Forward
1 - 67% - 60% - 1:26
2 - 33% - 40% - 0:43
PK Defense
1 - 64% - 60% - 1:22
2 - 36% - 40% - 0:47
PK3 Forward
1 - 0% - 60%
2 - 0% - 40%
PK3 Defense
1 - 0% - 60%
2 - 0% - 40%
44 Forward
1 - 0% - 60%
2 - 0% - 40%
44 Defense
1 - 0% - 60%
2 - 0% - 40%
Last Minute Offensive - 0:00
Last Minute Defensive - 0:00
Total
Forward - 60:00
Defense - 60:00
|
% Time on Ice - Nordiques
Lines # - Real PCT - Wanted PCT - Time Play
Normal Forward
1 - 29% - 40% - 17:02
2 - 32% - 30% - 18:21
3 - 22% - 20% - 12:37
4 - 17% - 10% - 9:51
Normal Defense
1 - 38% - 40% - 22:09
2 - 33% - 30% - 19:05
3 - 21% - 20% - 12:20
4 - 7% - 10% - 4:17
PP Forward
1 - 63% - 60% - 1:21
2 - 37% - 40% - 0:48
PP Defense
1 - 64% - 60% - 1:22
2 - 36% - 40% - 0:47
PK Forward
1 - 0% - 60%
2 - 0% - 40%
PK Defense
1 - 0% - 60%
2 - 0% - 40%
PK3 Forward
1 - 0% - 60%
2 - 0% - 40%
PK3 Defense
1 - 0% - 60%
2 - 0% - 40%
44 Forward
1 - 0% - 60%
2 - 0% - 40%
44 Defense
1 - 0% - 60%
2 - 0% - 40%
Last Minute Offensive - 0:00
Last Minute Defensive - 0:00
Total
Forward - 60:00
Defense - 60:00
|
Play by Play
1st period
0:01 of 1st period - Chris Drury wins face-off versus Bryan Little in neutral zone.
0:16 of 1st period - Snap shot by Nikita Kucherov.
0:16 of 1st period - Shot Misses the Net.
0:22 of 1st period - Minor Penalty to Bryan Little for Hooking.
0:23 of 1st period - Chris Drury wins face-off versus Mike Comrie in Avalanche zone.
0:28 of 1st period - Snap shot by R.J. Umberger.
0:28 of 1st period - Stopped by Semyon Varlamov with a rebound.
0:30 of 1st period - Slapshot by Dustin Byfuglien.
0:30 of 1st period - Stopped by Semyon Varlamov with a rebound.
0:32 of 1st period - Wrist shot by R.J. Umberger.
0:32 of 1st period - Goal by R.J. Umberger - Avalanche : 0 - Nordiques : 1.
0:33 of 1st period - Paul Stastny wins face-off versus Vaclav Prospal in neutral zone.
0:35 of 1st period - Off-side.
0:36 of 1st period - Paul Stastny wins face-off versus Vaclav Prospal in neutral zone.
0:39 of 1st period - Wrist shot by Alexander Radulov.
0:39 of 1st period - Stopped by Martin Brodeur with a rebound.
0:41 of 1st period - Slapshot by Marc Staal.
0:41 of 1st period - Stopped by Martin Brodeur without a rebound.
0:42 of 1st period - Vaclav Prospal wins face-off versus Paul Stastny in Nordiques zone.
0:47 of 1st period - Snap shot by Jean-Pierre Dumont.
0:47 of 1st period - Stopped by Semyon Varlamov without a rebound.
0:48 of 1st period - Jarret Stoll wins face-off versus Mike Comrie in Avalanche zone.
1:32 of 1st period - Off-side.
1:33 of 1st period - Paul Stastny wins face-off versus Rich Peverley in neutral zone.
1:36 of 1st period - Snap shot by Alexander Radulov.
1:36 of 1st period - Shot Blocked by Ryan Ellis.
1:38 of 1st period - Snap shot by Andrei Kostitsyn.
1:38 of 1st period - Stopped by Martin Brodeur with a rebound.
1:40 of 1st period - Slapshot by Alexander Radulov.
1:40 of 1st period - Shot Misses the Net.
1:48 of 1st period - Wrist shot by Alexander Radulov.
1:48 of 1st period - Shot Misses the Net.
1:58 of 1st period - Shane O'Brien is hit by Vaclav Prospal.
2:35 of 1st period - Snap shot by Kyle Calder.
2:35 of 1st period - Stopped by Semyon Varlamov with a rebound.
2:37 of 1st period - Slapshot by Vaclav Prospal.
2:37 of 1st period - Shot Misses the Net.
2:44 of 1st period - Minor Penalty to Bryan Little for Cross-checking.
2:45 of 1st period - Mike Comrie wins face-off versus Chris Drury in Avalanche zone.
2:55 of 1st period - Slapshot by R.J. Umberger.
2:55 of 1st period - Shot Misses the Net.
4:44 of 1st period - Penalty to Bryan Little is over, Bryan Little is back on ice.
5:31 of 1st period - Snap shot by Mike Comrie.
5:31 of 1st period - Shot Hit the Post.
5:43 of 1st period - Chris Drury is hit by Marc Staal and loses puck.
6:02 of 1st period - Kyle Calder is hit by Bryan Little and loses puck.
6:22 of 1st period - Mike Comrie is hit by Rich Peverley and loses puck.
6:28 of 1st period - Icing by Mike Comrie.
6:29 of 1st period - Mike Comrie wins face-off versus Nikita Kucherov in Avalanche zone.
7:10 of 1st period - Slapshot by Jay Bouwmeester.
7:10 of 1st period - Shot Blocked by Dustin Byfuglien.
7:12 of 1st period - Slapshot by Jay Bouwmeester.
7:12 of 1st period - Shot Misses the Net.
7:18 of 1st period - Snap shot by Corey Perry.
7:18 of 1st period - Stopped by Martin Brodeur without a rebound.
7:19 of 1st period - Paul Stastny wins face-off versus Chris Drury in Nordiques zone.
7:30 of 1st period - Slapshot by Fedor Tyutin.
7:30 of 1st period - Shot Misses the Net.
7:50 of 1st period - Snap shot by David Krejci.
7:50 of 1st period - Shot Hit the Post.
8:15 of 1st period - Wrist shot by Corey Perry.
8:15 of 1st period - Shot Misses the Net.
8:21 of 1st period - Shane O'Brien is hit by Jarret Stoll and loses puck.
8:41 of 1st period - Wrist shot by Nikita Kucherov.
8:41 of 1st period - Shot Blocked by Marc Staal.
8:51 of 1st period - Marc Staal is hit by Pascal Dupuis and loses puck.
8:58 of 1st period - Wrist shot by Nikolai Kulemin.
8:58 of 1st period - Deflect By Rich Peverley.
8:58 of 1st period - Stopped by Semyon Varlamov without a rebound.
8:59 of 1st period - Paul Stastny wins face-off versus Chris Drury in Avalanche zone.
9:24 of 1st period - Johnny Boychuk is hit by Matt Moulson and loses puck.
9:39 of 1st period - Wrist shot by Paul Stastny.
9:39 of 1st period - Stopped by Martin Brodeur without a rebound.
9:40 of 1st period - Chris Drury wins face-off versus Bryan Little in Nordiques zone.
10:34 of 1st period - Snap shot by Andrew Ladd.
10:34 of 1st period - Shot Misses the Net.
10:42 of 1st period - Marc Staal is hit by Dmitry Kulikov and loses puck.
10:57 of 1st period - Shane O'Brien is hit by Rich Peverley and loses puck.
11:49 of 1st period - T.J. Fast is hit by Mikkel Boedker and loses puck.
13:55 of 1st period - Icing by Richard Jackman.
13:56 of 1st period - Chris Drury wins face-off versus Bryan Little in Avalanche zone.
14:01 of 1st period - Snap shot by Chris Drury.
14:01 of 1st period - Stopped by Semyon Varlamov without a rebound.
14:02 of 1st period - Chris Drury wins face-off versus Paul Stastny in Avalanche zone.
14:07 of 1st period - Wrist shot by Chris Drury.
14:07 of 1st period - Stopped by Semyon Varlamov with a rebound.
14:13 of 1st period - Jay Bouwmeester is hit by Dustin Byfuglien and loses puck.
14:40 of 1st period - Wrist shot by Chris Drury.
14:40 of 1st period - Shot Blocked by Jack Johnson.
14:42 of 1st period - Snap shot by R.J. Umberger.
14:42 of 1st period - Stopped by Semyon Varlamov with a rebound.
14:44 of 1st period - Slapshot by Dustin Byfuglien.
14:44 of 1st period - Deflect By Ryan Smyth.
14:44 of 1st period - Stopped by Semyon Varlamov without a rebound.
14:45 of 1st period - Paul Stastny wins face-off versus Jarret Stoll in Avalanche zone.
15:29 of 1st period - Wrist shot by R.J. Umberger.
15:29 of 1st period - Shot Misses the Net.
16:41 of 1st period - Jack Johnson is hit by Michael Ryder and loses puck.
16:58 of 1st period - Nikolai Kulemin is hit by Mike Comrie and loses puck.
19:00 of 1st period - Brandon Yip is hit by Jean-Pierre Dumont and loses puck.
19:34 of 1st period - Icing by Rich Peverley.
19:35 of 1st period - Vaclav Prospal wins face-off versus David Krejci in Nordiques zone.
19:42 of 1st period - Snap shot by Kyle Calder.
19:42 of 1st period - Shot Misses the Net.
19:50 of 1st period - T.J. Fast is hit by Ryan Smyth and loses puck.
Goals for this period are 0 for Avalanche vs 1 for Nordiques.
Shots for this period are 5 for Avalanche vs 10 for Nordiques.
2nd period
0:01 of 2nd period - Chris Drury wins face-off versus Paul Stastny in neutral zone.
0:16 of 2nd period - Dustin Byfuglien is hit by Andrei Kostitsyn and loses puck.
0:33 of 2nd period - Slapshot by Mikkel Boedker.
0:33 of 2nd period - Shot Misses the Net.
0:35 of 2nd period - Slapshot by Shane O'Brien.
0:35 of 2nd period - Shot Hit the Post.
0:37 of 2nd period - Snap shot by Corey Perry.
0:37 of 2nd period - Stopped by Martin Brodeur with a rebound.
0:39 of 2nd period - Slapshot by Shane O'Brien.
0:39 of 2nd period - Deflect By Jean-Pierre Dumont.
0:39 of 2nd period - Stopped by Martin Brodeur with a rebound.
0:41 of 2nd period - Slapshot by Marc Staal.
0:41 of 2nd period - Deflect By Jean-Pierre Dumont.
0:41 of 2nd period - Stopped by Martin Brodeur with a rebound.
0:57 of 2nd period - Wrist shot by Mike Comrie.
0:57 of 2nd period - Stopped by Martin Brodeur without a rebound.
0:58 of 2nd period - Jarret Stoll wins face-off versus Andrew Ladd in Nordiques zone.
1:23 of 2nd period - Matt Moulson is hit by Andrew Ladd and loses puck.
1:32 of 2nd period - Slapshot by Andrew Ladd.
1:32 of 2nd period - Shot Blocked by Ryan Ellis.
2:10 of 2nd period - Snap shot by Matt Moulson.
2:10 of 2nd period - Stopped by Semyon Varlamov with a rebound.
2:12 of 2nd period - Snap shot by Matt Moulson.
2:12 of 2nd period - Stopped by Semyon Varlamov with a rebound.
2:22 of 2nd period - Wrist shot by Matt Moulson.
2:22 of 2nd period - Stopped by Semyon Varlamov with a rebound.
2:24 of 2nd period - Slapshot by Ryan Ellis.
2:24 of 2nd period - Stopped by Semyon Varlamov with a rebound.
2:26 of 2nd period - Wrist shot by Matt Moulson.
2:26 of 2nd period - Shot Misses the Net.
2:28 of 2nd period - Slapshot by Ryan Ellis.
2:28 of 2nd period - Stopped by Semyon Varlamov with a rebound.
2:30 of 2nd period - Wrist shot by Jarret Stoll.
2:30 of 2nd period - Shot Misses the Net.
2:32 of 2nd period - Snap shot by Matt Moulson.
2:32 of 2nd period - Stopped by Semyon Varlamov without a rebound.
2:33 of 2nd period - Paul Stastny wins face-off versus Chris Drury in Avalanche zone.
2:48 of 2nd period - Wrist shot by Andrei Kostitsyn.
2:48 of 2nd period - Stopped by Martin Brodeur without a rebound.
2:49 of 2nd period - Vaclav Prospal wins face-off versus Bryan Little in Nordiques zone.
2:49 of 2nd period - Vaclav Prospal is hit by Bryan Little.
2:56 of 2nd period - Off-side.
2:57 of 2nd period - Bryan Little wins face-off versus Vaclav Prospal in neutral zone.
3:28 of 2nd period - Wrist shot by Mikkel Boedker.
3:28 of 2nd period - Stopped by Martin Brodeur with a rebound.
3:33 of 2nd period - Icing by Vaclav Prospal.
3:34 of 2nd period - Vaclav Prospal wins face-off versus Andrei Kostitsyn in Nordiques zone.
3:47 of 2nd period - Slapshot by Jean-Pierre Dumont.
3:47 of 2nd period - Stopped by Semyon Varlamov with a rebound.
4:36 of 2nd period - Snap shot by Chris Drury.
4:36 of 2nd period - Goal by Chris Drury - Avalanche : 0 - Nordiques : 2.
4:37 of 2nd period - Chris Drury wins face-off versus Paul Stastny in neutral zone.
4:51 of 2nd period - Icing by Ryan Ellis.
4:52 of 2nd period - Bryan Little wins face-off versus Chris Drury in Nordiques zone.
5:05 of 2nd period - Slapshot by Jay Bouwmeester.
5:05 of 2nd period - Shot Misses the Net.
5:24 of 2nd period - Icing by Paul Stastny.
5:25 of 2nd period - Vaclav Prospal wins face-off versus Paul Stastny in Avalanche zone.
5:39 of 2nd period - Icing by Dustin Byfuglien.
5:40 of 2nd period - Vaclav Prospal wins face-off versus Bryan Little in Nordiques zone.
5:47 of 2nd period - Wrist shot by Bryan Little.
5:47 of 2nd period - Shot Misses the Net.
5:49 of 2nd period - Snap shot by Bryan Little.
5:49 of 2nd period - Stopped by Martin Brodeur with a rebound.
5:51 of 2nd period - Slapshot by Marc Staal.
5:51 of 2nd period - Deflect By Mikkel Boedker.
5:51 of 2nd period - Deflect By Fedor Tyutin.
5:51 of 2nd period - Stopped by Martin Brodeur with a rebound.
5:53 of 2nd period - Slapshot by Mikkel Boedker.
5:53 of 2nd period - Stopped by Martin Brodeur with a rebound.
5:55 of 2nd period - Snap shot by Marc Staal.
5:55 of 2nd period - Shot Blocked by Dustin Byfuglien.
6:13 of 2nd period - Snap shot by Chris Drury.
6:13 of 2nd period - Deflect By R.J. Umberger.
6:13 of 2nd period - Shot Blocked by Shane O'Brien.
6:13 of 2nd period - Puck is out of play.
6:14 of 2nd period - Chris Drury wins face-off versus Paul Stastny in Avalanche zone.
6:15 of 2nd period - Snap shot by R.J. Umberger.
6:15 of 2nd period - Goal by R.J. Umberger - Avalanche : 0 - Nordiques : 3.
6:16 of 2nd period - Chris Drury wins face-off versus Paul Stastny in neutral zone.
6:46 of 2nd period - Snap shot by Bryan Little.
6:46 of 2nd period - Stopped by Martin Brodeur without a rebound.
6:47 of 2nd period - Bryan Little wins face-off versus Vaclav Prospal in Nordiques zone.
7:54 of 2nd period - Snap shot by Rich Peverley.
7:54 of 2nd period - Shot Misses the Net.
7:56 of 2nd period - Wrist shot by Pascal Dupuis.
7:56 of 2nd period - Shot Blocked by Richard Jackman.
8:00 of 2nd period - Snap shot by Rich Peverley.
8:00 of 2nd period - Deflect By Nikolai Kulemin.
8:00 of 2nd period - Stopped by Semyon Varlamov with a rebound.
8:02 of 2nd period - Slapshot by Rich Peverley.
8:02 of 2nd period - Stopped by Semyon Varlamov with a rebound.
8:04 of 2nd period - Slapshot by Mark Eaton.
8:04 of 2nd period - Shot Blocked by Richard Jackman.
8:15 of 2nd period - Off-side.
8:16 of 2nd period - Bryan Little wins face-off versus Vaclav Prospal in neutral zone.
9:10 of 2nd period - Wrist shot by Corey Perry.
9:10 of 2nd period - Deflect By Mikkel Boedker.
9:10 of 2nd period - Stopped by Martin Brodeur without a rebound.
9:11 of 2nd period - Chris Drury wins face-off versus Paul Stastny in Nordiques zone.
9:18 of 2nd period - Snap shot by Nikita Kucherov.
9:18 of 2nd period - Shot Misses the Net.
9:20 of 2nd period - Snap shot by Chris Drury.
9:20 of 2nd period - Shot Misses the Net.
9:22 of 2nd period - Slapshot by Fedor Tyutin.
9:22 of 2nd period - Shot Misses the Net.
9:24 of 2nd period - Wrist shot by R.J. Umberger.
9:24 of 2nd period - Shot Misses the Net.
9:26 of 2nd period - Snap shot by Nikita Kucherov.
9:26 of 2nd period - Shot Misses the Net.
9:47 of 2nd period - Slapshot by Paul Stastny.
9:47 of 2nd period - Stopped by Martin Brodeur with a rebound.
9:49 of 2nd period - Slapshot by Andrei Kostitsyn.
9:49 of 2nd period - Shot Misses the Net.
9:51 of 2nd period - Wrist shot by Andrei Kostitsyn.
9:51 of 2nd period - Deflect By Paul Stastny.
9:51 of 2nd period - Stopped by Martin Brodeur with a rebound.
10:23 of 2nd period - Snap shot by Rich Peverley.
10:23 of 2nd period - Shot Blocked by Alexander Radulov.
10:35 of 2nd period - Wrist shot by Paul Stastny.
10:35 of 2nd period - Stopped by Martin Brodeur without a rebound.
10:36 of 2nd period - Chris Drury wins face-off versus Bryan Little in Nordiques zone.
13:08 of 2nd period - Fedor Tyutin is hit by Marc Staal and loses puck.
13:31 of 2nd period - Mark Eaton is hit by Chuck Kobasew and loses puck.
14:16 of 2nd period - Jack Johnson is hit by Nikolai Kulemin and loses puck.
15:20 of 2nd period - Snap shot by Chris Drury.
15:20 of 2nd period - Shot Misses the Net.
15:22 of 2nd period - Slapshot by Ryan Ellis.
15:22 of 2nd period - Stopped by Semyon Varlamov with a rebound.
15:34 of 2nd period - Slapshot by Bryan Little.
15:34 of 2nd period - Shot Blocked by Ryan Ellis.
15:36 of 2nd period - Slapshot by Marc Staal.
15:36 of 2nd period - Stopped by Martin Brodeur without a rebound.
15:37 of 2nd period - Chris Drury wins face-off versus Bryan Little in Nordiques zone.
15:42 of 2nd period - Snap shot by R.J. Umberger.
15:42 of 2nd period - Shot Misses the Net.
15:48 of 2nd period - Snap shot by R.J. Umberger.
15:48 of 2nd period - Stopped by Semyon Varlamov with a rebound.
16:09 of 2nd period - Backhand shot by Vaclav Prospal.
16:09 of 2nd period - Goal by Vaclav Prospal - Avalanche : 0 - Nordiques : 4.
16:10 of 2nd period - Paul Stastny wins face-off versus Chris Drury in neutral zone.
16:17 of 2nd period - Snap shot by Alexander Radulov.
16:17 of 2nd period - Stopped by Martin Brodeur with a rebound.
16:19 of 2nd period - Slapshot by Marc Staal.
16:19 of 2nd period - Stopped by Martin Brodeur with a rebound.
16:21 of 2nd period - Slapshot by Marc Staal.
16:21 of 2nd period - Stopped by Martin Brodeur with a rebound.
16:23 of 2nd period - Slapshot by Shane O'Brien.
16:23 of 2nd period - Shot Misses the Net.
16:59 of 2nd period - Snap shot by R.J. Umberger.
16:59 of 2nd period - Shot Misses the Net.
17:01 of 2nd period - Slapshot by Fedor Tyutin.
17:01 of 2nd period - Stopped by Semyon Varlamov with a rebound.
17:03 of 2nd period - Slapshot by Dustin Byfuglien.
17:03 of 2nd period - Stopped by Semyon Varlamov without a rebound.
17:04 of 2nd period - Paul Stastny wins face-off versus Jarret Stoll in Avalanche zone.
17:04 of 2nd period - Paul Stastny is hit by Michael Ryder.
17:30 of 2nd period - Corey Perry is hit by Kyle Calder.
17:42 of 2nd period - Slapshot by Jean-Pierre Dumont.
17:42 of 2nd period - Shot Blocked by Jay Bouwmeester.
17:55 of 2nd period - Vaclav Prospal is hit by Bryan Little and loses puck.
18:00 of 2nd period - Slapshot by Mikkel Boedker.
18:00 of 2nd period - Stopped by Martin Brodeur with a rebound.
18:02 of 2nd period - Wrist shot by Corey Perry.
18:02 of 2nd period - Stopped by Martin Brodeur with a rebound.
18:04 of 2nd period - Snap shot by Mikkel Boedker.
18:04 of 2nd period - Shot Misses the Net.
18:06 of 2nd period - Slapshot by Richard Jackman.
18:06 of 2nd period - Stopped by Martin Brodeur without a rebound.
18:07 of 2nd period - Chris Drury wins face-off versus Paul Stastny in Nordiques zone.
18:21 of 2nd period - Off-side.
18:22 of 2nd period - David Krejci wins face-off versus Jarret Stoll in neutral zone.
18:25 of 2nd period - Matt Moulson is hit by Marc Staal and loses puck.
18:52 of 2nd period - Off-side.
18:53 of 2nd period - Paul Stastny wins face-off versus Vaclav Prospal in neutral zone.
Goals for this period are 0 for Avalanche vs 3 for Nordiques.
Shots for this period are 21 for Avalanche vs 16 for Nordiques.
3rd period
0:01 of 3rd period - Paul Stastny wins face-off versus Chris Drury in neutral zone.
0:12 of 3rd period - Wrist shot by Paul Stastny.
0:12 of 3rd period - Stopped by Martin Brodeur with a rebound.
0:14 of 3rd period - Wrist shot by Paul Stastny.
0:14 of 3rd period - Shot Misses the Net.
0:16 of 3rd period - Wrist shot by Alexander Radulov.
0:16 of 3rd period - Shot Blocked by R.J. Umberger.
0:26 of 3rd period - Shane O'Brien is hit by Matt Moulson and loses puck.
3:35 of 3rd period - Slapshot by Shane O'Brien.
3:35 of 3rd period - Goal by Shane O'Brien - Avalanche : 1 - Nordiques : 4.
3:36 of 3rd period - Nikita Kucherov wins face-off versus Paul Stastny in neutral zone.
3:39 of 3rd period - Slapshot by Fedor Tyutin.
3:39 of 3rd period - Shot Blocked by Jay Bouwmeester.
3:41 of 3rd period - Slapshot by Dustin Byfuglien.
3:41 of 3rd period - Deflect By Chris Drury.
3:41 of 3rd period - Stopped by Semyon Varlamov without a rebound.
3:42 of 3rd period - Nikita Kucherov wins face-off versus Paul Stastny in Avalanche zone.
3:43 of 3rd period - Snap shot by Chris Drury.
3:43 of 3rd period - Shot Misses the Net.
3:56 of 3rd period - Slapshot by Fedor Tyutin.
3:56 of 3rd period - Stopped by Semyon Varlamov without a rebound.
3:57 of 3rd period - Chris Drury wins face-off versus Bryan Little in Avalanche zone.
4:33 of 3rd period - Slapshot by Jack Johnson.
4:33 of 3rd period - Stopped by Martin Brodeur with a rebound.
5:06 of 3rd period - Icing by Chuck Kobasew.
5:07 of 3rd period - Rich Peverley wins face-off versus David Krejci in Avalanche zone.
5:42 of 3rd period - Snap shot by Jean-Pierre Dumont.
5:42 of 3rd period - Stopped by Semyon Varlamov with a rebound.
5:52 of 3rd period - Wrist shot by Vaclav Prospal.
5:52 of 3rd period - Stopped by Semyon Varlamov with a rebound.
6:10 of 3rd period - Slapshot by Michael Ryder.
6:10 of 3rd period - Shot Misses the Net.
6:45 of 3rd period - Slapshot by Ryan Ellis.
6:45 of 3rd period - Stopped by Semyon Varlamov without a rebound.
6:46 of 3rd period - Mike Comrie wins face-off versus Jean-Pierre Dumont in Avalanche zone.
6:53 of 3rd period - Wrist shot by Andrew Ladd.
6:53 of 3rd period - Shot Misses the Net.
7:31 of 3rd period - Slapshot by Andrew Ladd.
7:31 of 3rd period - Shot Hit the Post.
8:13 of 3rd period - Snap shot by Mike Comrie.
8:13 of 3rd period - Stopped by Martin Brodeur without a rebound.
8:14 of 3rd period - Bryan Little wins face-off versus Chris Drury in Nordiques zone.
8:23 of 3rd period - Wrist shot by Mikkel Boedker.
8:23 of 3rd period - Shot Blocked by Ryan Ellis.
8:58 of 3rd period - Wrist shot by Rich Peverley.
8:58 of 3rd period - Stopped by Semyon Varlamov without a rebound.
8:59 of 3rd period - David Krejci wins face-off versus Rich Peverley in Avalanche zone.
9:01 of 3rd period - Icing by Jack Johnson.
9:02 of 3rd period - Rich Peverley wins face-off versus David Krejci in Avalanche zone.
9:09 of 3rd period - Snap shot by Rich Peverley.
9:09 of 3rd period - Goal by Rich Peverley - Avalanche : 1 - Nordiques : 5.
9:10 of 3rd period - Bryan Little wins face-off versus Chris Drury in neutral zone.
9:15 of 3rd period - Wrist shot by Mikkel Boedker.
9:15 of 3rd period - Deflect By Bryan Little.
9:15 of 3rd period - Stopped by Martin Brodeur with a rebound.
9:39 of 3rd period - Slapshot by Chris Drury.
9:39 of 3rd period - Stopped by Semyon Varlamov without a rebound.
9:40 of 3rd period - Jarret Stoll wins face-off versus Paul Stastny in Avalanche zone.
9:40 of 3rd period - Jarret Stoll and Shane O'Brien fight to a draw.
9:40 of 3rd period - Penalty to Jarret Stoll for Fighting.
9:40 of 3rd period - Penalty to Shane O'Brien for Fighting.
9:41 of 3rd period - Chris Drury wins face-off versus Paul Stastny in Avalanche zone.
9:52 of 3rd period - Slapshot by Marc Staal.
9:52 of 3rd period - Deflect By Andrei Kostitsyn.
9:52 of 3rd period - Shot Misses the Net.
9:52 of 3rd period - Puck is out of play.
9:53 of 3rd period - Bryan Little wins face-off versus Chris Drury in Nordiques zone.
11:13 of 3rd period - Snap shot by Chuck Kobasew.
11:13 of 3rd period - Stopped by Martin Brodeur with a rebound.
11:15 of 3rd period - Snap shot by Chuck Kobasew.
11:15 of 3rd period - Stopped by Martin Brodeur with a rebound.
11:17 of 3rd period - Snap shot by David Krejci.
11:17 of 3rd period - Goal by David Krejci - Avalanche : 2 - Nordiques : 5.
11:18 of 3rd period - Chris Drury wins face-off versus Corey Perry in neutral zone.
12:07 of 3rd period - Slapshot by Jean-Pierre Dumont.
12:07 of 3rd period - Shot Blocked by Andrew Ladd.
12:09 of 3rd period - Slapshot by Dmitry Kulikov.
12:09 of 3rd period - Stopped by Semyon Varlamov without a rebound.
12:10 of 3rd period - Bryan Little wins face-off versus Vaclav Prospal in Avalanche zone.
12:17 of 3rd period - Slapshot by Bryan Little.
12:17 of 3rd period - Stopped by Martin Brodeur with a rebound.
12:19 of 3rd period - Slapshot by Marc Staal.
12:19 of 3rd period - Deflect By Bryan Little.
12:19 of 3rd period - Shot Misses the Net.
12:19 of 3rd period - Puck is out of play.
12:20 of 3rd period - Chris Drury wins face-off versus Mikkel Boedker in Nordiques zone.
12:20 of 3rd period - Chris Drury is hit by Johnny Boychuk.
13:08 of 3rd period - Wrist shot by Andrew Ladd.
13:08 of 3rd period - Shot Misses the Net.
13:14 of 3rd period - Wrist shot by Mike Comrie.
13:14 of 3rd period - Stopped by Martin Brodeur with a rebound.
13:32 of 3rd period - Snap shot by Ryan Smyth.
13:32 of 3rd period - Stopped by Martin Brodeur without a rebound.
13:33 of 3rd period - Chris Drury wins face-off versus Paul Stastny in Nordiques zone.
13:43 of 3rd period - Snap shot by Andrei Kostitsyn.
13:43 of 3rd period - Stopped by Martin Brodeur with a rebound.
14:24 of 3rd period - Slapshot by Jack Johnson.
14:24 of 3rd period - Stopped by Martin Brodeur with a rebound.
14:26 of 3rd period - Snap shot by Andrew Ladd.
14:26 of 3rd period - Stopped by Martin Brodeur with a rebound.
14:46 of 3rd period - Wrist shot by Pascal Dupuis.
14:46 of 3rd period - Stopped by Semyon Varlamov without a rebound.
14:47 of 3rd period - Rich Peverley wins face-off versus Paul Stastny in Avalanche zone.
14:54 of 3rd period - Snap shot by Pascal Dupuis.
14:54 of 3rd period - Goal by Pascal Dupuis - Avalanche : 2 - Nordiques : 6.
14:55 of 3rd period - Paul Stastny wins face-off versus Chris Drury in neutral zone.
15:04 of 3rd period - Wrist shot by Paul Stastny.
15:04 of 3rd period - Deflect By Andrei Kostitsyn.
15:04 of 3rd period - Stopped by Martin Brodeur with a rebound.
15:06 of 3rd period - Snap shot by Paul Stastny.
15:06 of 3rd period - Shot Misses the Net.
15:08 of 3rd period - Snap shot by Richard Jackman.
15:08 of 3rd period - Shot Misses the Net.
15:22 of 3rd period - Dustin Byfuglien is hit by Bryan Little and loses puck.
16:52 of 3rd period - Snap shot by Corey Perry.
16:52 of 3rd period - Stopped by Martin Brodeur without a rebound.
16:53 of 3rd period - Chris Drury wins face-off versus Bryan Little in Nordiques zone.
16:58 of 3rd period - Corey Perry is hit by Dustin Byfuglien and loses puck.
17:07 of 3rd period - Snap shot by Chris Drury.
17:07 of 3rd period - Shot Misses the Net.
17:26 of 3rd period - Wrist shot by Vaclav Prospal.
17:26 of 3rd period - Shot Misses the Net.
17:28 of 3rd period - Snap shot by Jean-Pierre Dumont.
17:28 of 3rd period - Shot Misses the Net.
18:00 of 3rd period - Wrist shot by Mike Comrie.
18:00 of 3rd period - Deflect By Brandon Yip.
18:00 of 3rd period - Shot Misses the Net.
18:00 of 3rd period - Puck is out of play.
18:01 of 3rd period - Rich Peverley wins face-off versus Mike Comrie in Nordiques zone.
18:18 of 3rd period - Richard Jackman is hit by Nikolai Kulemin and loses puck.
18:25 of 3rd period - Pascal Dupuis is hit by Mike Comrie and loses puck.
18:53 of 3rd period - Nikolai Kulemin is hit by Mike Comrie and loses puck.
19:15 of 3rd period - Slapshot by Dustin Byfuglien.
19:15 of 3rd period - Stopped by Semyon Varlamov with a rebound.
19:17 of 3rd period - Slapshot by Dustin Byfuglien.
19:17 of 3rd period - Deflect By Nikolai Kulemin.
19:17 of 3rd period - Stopped by Semyon Varlamov with a rebound.
19:19 of 3rd period - Snap shot by Rich Peverley.
19:19 of 3rd period - Stopped by Semyon Varlamov without a rebound.
19:20 of 3rd period - Bryan Little wins face-off versus Chris Drury in Avalanche zone.
19:47 of 3rd period - Andrei Kostitsyn is hit by Vaclav Prospal and loses puck.
Goals for this period are 2 for Avalanche vs 2 for Nordiques.
Shots for this period are 16 for Avalanche vs 14 for Nordiques.
Back to the Top